 Dungeon Crawl Stone Soup version 0.26-a0-778-g3fe0686644 (webtiles) character file.

Game seed: 1505600923158121389

42 lunkers the Bolt Thrower (level 3, -9/22 HPs)
             Began as a Kobold Arcane Marksman on Nov 9, 2020.
             Mangled by Sigmund
             ... wielding a +0 scythe
              (11 damage)
             ... on level 2 of the Dungeon.
             The game lasted 00:01:01 (572 turns).

lunkers the Bolt Thrower (Kobold Arcane Marksman)    Turns: 572, Time: 00:01:02

Health: -9/22      AC:  2    Str:  7    XL:     3   Next: 77%
Magic:  4/4        EV: 15    Int: 14    God:
Gold:   0          SH:  0    Dex: 16    Spells: 3/4 levels left

rFire    . . .     SeeInvis .   a - +0 hand crossbow
rCold    . . .     Faith    .   (shield restricted)
rNeg     . . .     Spirit   .   e - +0 robe
rPois    .         Reflect  .   (no helmet)
rElec    .         Harm     .   (no cloak)
rCorr    .         Rampage  .   (no gloves)
MR       .....                  (no boots)
Stlth    ++........             (no amulet)
HPRegen  0.07/turn              (no ring)
MPRegen  0.09/turn              (no ring)

@: confused
A: small, nightstalker 3
a: no special abilities


You were on level 2 of the Dungeon.
You visited 1 branch of the dungeon, and saw 2 of its levels.

Inventory:

Hand Weapons
 a - a +0 hand crossbow (weapon)
Missiles
 d - 14 bolts (quivered)
Armour
 e - a +0 robe (worn)
Scrolls
 b - a scroll of fog {unknown}
 c - 5 scrolls of remove curse {unknown}
 h - 5 scrolls of identify {unknown}
 i - a scroll of enchant armour {unknown}
 j - a scroll of noise {unknown}
Potions
 f - a potion of might {unknown}
 g - a potion of haste {unknown}


   Skills:
 + Level 2.6 Fighting
 + Level 3.7 Crossbows
 - Level 2.4 Dodging
 - Level 1.1 Spellcasting
 - Level 3.0 Hexes


You had 3 spell levels left.
You knew the following spells:

 Your Spells              Type           Power        Failure   Level
p - Corona                Hex            #......      8%          1

Your spell library contained the following spells:

 Spells                   Type           Power        Failure   Level
 Slow                     Hex            #.......     12%         2
 Inner Flame              Hex/Fire       #.......     38%         3
 Portal Projectile        Hex/Tloc       #.....       38%         3
 Cause Fear               Hex            #.........   58%         4
 Leda's Liquefaction      Hex/Erth       #.........   80%         4


Dungeon Overview and Level Annotations

Branches:
Dungeon (2/15)

Altars:

Annotations:
D:2 Sigmund


Innate Abilities, Weirdness & Mutations

You are small and have problems with some larger weapons.
You are completely attuned to the shadows.


Message History

Firing (i - inventory)
d - 19 bolts (quivered)
Press: ? - help, Shift-Dir - straight line You shoot a bolt.
You hear some strange, mumbled words.
You are confused.
Firing (i - inventory)
d - 18 bolts (quivered)
Press: ? - help, Shift-Dir - straight line You shoot a bolt.
Something completely misses you.
Firing (i - inventory)
d - 17 bolts (quivered)
Press: ? - help, Shift-Dir - straight line You shoot a bolt.
Something closely misses you.
Firing (i - inventory)
d - 16 bolts (quivered)
Press: ? - help, Shift-Dir - straight line You shoot a bolt.
Something hits you.
* * * LOW HITPOINT WARNING * * *
Firing (i - inventory)
d - 15 bolts (quivered)
Press: ? - help, Shift-Dir - straight line You shoot a bolt.
Something hits you!
Ouch! That really hurt!
You die...

#.#.##.......
..#.(........
..#..#.#.....
#..........
##.#.#.#.. #(..(
#.....#.. #(..
.####.###.# #{.#
......# #.# #(.#
....)## #.# #@.#
####.####.####.(#
#.#.........>#
#.#)#####.#.##
#...# #(#...
##### #.##### #..
##.


There were no monsters in sight!

Vanquished Creatures
  An adder (D:2)
  An ooze (D:1)
  A dart slug (D:1)
  A leopard gecko (D:1)
  2 giant cockroaches (D:1)
  3 goblins
  4 hobgoblins
  3 kobolds
  4 bats (D:1)
  A frilled lizard (D:1)
  3 rats (D:1)
24 creatures vanquished.

Notes
Turn   | Place    | Note
-------+----------+-------------------------------------------
     0 | D:1      | lunkers the Kobold Arcane Marksman began the quest for the
                  | Orb.
     0 | D:1      | Reached XP level 1. HP: 12/12 MP: 2/2
   105 | D:1      | Reached XP level 2. HP: 16/16 MP: 3/3
   205 | D:1      | Reached XP level 3. HP: 21/21 MP: 4/4
   562 | D:2      | Noticed Sigmund
   572 | D:2      | Mangled by Sigmund

Illustrated notes

Levels and vault maps discovered:
D:1:      dpeg_arrival_long_road, layout_rooms, minmay_pentomino_w2
D:2:      layout_loops_ring, nemelex_xobeh_ov_fountains_minmay, uniq_sigmund

Skill      XL: |  1  2 |
---------------+-------+-----
Crossbows      | 3 |  3.7
Fighting       | 2 |  2.6
Dodging        | |  2.4
Spellcasting   | |  1.1
Hexes          | |  3.0

Action                   || total
-------------------------++-------
 Fire: Hand crossbow     ||    59
Dodge: Dodged            ||    16

Table legend: (Time is in decaauts)
 A = Elapsed time spent in this place.
 B = Non-inter-level travel time spent in this place.
 C = Inter-level travel time spent in this place.
 D = Time resting spent in this place.
 E = Time spent auto-exploring this place.
 F = Levels seen in this place.
 G = Mean time per level.
                   A        B        C        D        E       F      G
               +--------+--------+--------+--------+--------+-----+--------+
         Total |    591 |    571 |     20 |      0 |    444 |   2 |  295.5 |
       Dungeon |    591 |    571 |     20 |      0 |    444 |   2 |  295.5 |
               +--------+--------+--------+--------+--------+-----+--------+

Top non-repeatable levels by time:
     D:1: 462 daAuts
     D:2: 129 daAuts
